 Dungeon Crawl Stone Soup version 0.20.1-1-g8b1a95d (webtiles) character file.

511 minmayStuckAtMickeyD the Skirmisher (level 7, 0/75 HPs)
             Began as an Ogre Transmuter on July 22, 2017.
             Was a Follower of Cheibriados.
             Slain by Pikel
             ... wielding a +2 whip of flaming
              (2 damage)
             ... on level 4 of the Dungeon.
             The game lasted 00:06:31 (5854 turns).

minmayStuckAtMickeyD the Skirmisher (OgTm)          Turns: 5854, Time: 00:06:31

Health: 0/75       AC:  4    Str: 18    XL:     7   Next: 19%
Magic:  7/14       EV: 10    Int: 17    God:    Cheibriados [*.....]
Gold:   236        SH:  0    Dex: 11    Spells: 5/15 levels left

rFire    . . .     SeeInvis +     - Unarmed
rCold    . . .     Gourm    .   (no shield)
rNeg     . . .     Faith    .   b - +0 robe
rPois    +         Spirit   .   (helmet restricted)
rElec    .         Reflect  .   k - +0 cloak
rCorr    .         Harm     .   (gloves unavailable)
MR       .....                  (boots unavailable)
Stlth    +.........             (no amulet)
Regen    0.3/turn               u - ring of poison resistance
MPRegen  0.2/turn               n - ring of see invisible

@: very slightly contaminated, very slow
A: unfitting armour, tough skin 1
a: Bend Time, Renounce Religion


You were on level 4 of the Dungeon.
You worshipped Cheibriados.
Cheibriados was aware of your devotion.
You were not hungry.

You visited 1 branch of the dungeon, and saw 5 of its levels.

You collected 236 gold pieces.

Inventory:

Missiles
 a - 15 arrows
Armour
 b - a +0 robe (worn)
 k - a +0 cloak (worn)
Jewellery
 n - a ring of see invisible (right hand)
 s - an uncursed ring of fire {unknown}
 u - a ring of poison resistance (left hand)
 x - a cursed ring of loudness {unknown}
Wands
 y - a wand of paralysis (16/24)
Scrolls
 e - a scroll of magic mapping
 g - a scroll of amnesia {unknown}
 j - a scroll of immolation {unknown}
 o - a scroll of blinking {unknown}
 p - a scroll of teleportation {unknown}
 r - a scroll of remove curse {unknown}
 v - a scroll of fear {unknown}
Potions
 h - a potion of flight {unknown}
 i - a potion of degeneration {unknown}
 m - a potion of curing {unknown}
 q - a potion of cancellation {unknown}
 t - a potion of brilliance {unknown}
 w - a potion of might {unknown}
Books
 c - a book of Changes

   Spells                             Type                      Level
   a - Beastly Appendage              Transmutation                1
   b - Sticks to Snakes               Transmutation                2
   c - Spider Form                    Transmutation/Poison         3
   d - Ice Form                       Ice/Transmutation            4
   e - Blade Hands                    Transmutation                5
Comestibles
 d - 2 bread rations
 f - 5 meat rations
 l - 2 royal jellies


   Skills:
 - Level 6.2 Fighting
 - Level 1.7 Dodging
 + Level 4.5 Unarmed Combat
 - Level 4.9 Spellcasting
 - Level 1.7 Transmutations


You had 5 spell levels left.
You knew the following spells:

 Your Spells              Type           Power        Failure   Level  Hunger
a - Beastly Appendage     Tmut           ##....       7%          1    None
b - Sticks to Snakes      Tmut           ##......     11%         2    #......
c - Spider Form           Tmut/Pois      #.........   30%         3    ###....
d - Ice Form              Ice/Tmut       #.......     69%         4    ####...


Dungeon Overview and Level Annotations

Branches:
Dungeon (5/15)             Temple (0/1) D:4

Altars:
Ashenzari
Cheibriados
Nemelex Xobeh
Okawaru
Ru

Annotations:
D:4 Pikel
D:5 Sigmund


Innate Abilities, Weirdness & Mutations

You are too large for most types of armour.
You have tough skin. (AC +1)


Message History

The slave misses you.
You hit Pikel but do no damage.
Pikel looks even sicker.
Pikel is moderately wounded.
Pikel hits you with a whip of flaming! Pikel burns you.
* * * LOW HITPOINT WARNING * * *
The slave completely misses you.
Unknown command.
You hit Pikel but do no damage.
Pikel looks as sick as possible!
Pikel is moderately wounded.
Pikel hits you with a whip of flaming!
* * * LOW HITPOINT WARNING * * *
Pikel burns you.
* * * LOW HITPOINT WARNING * * *
Unknown command.
Your transformation has ended.
Your +0 cloak unmelds from your body.
Your +0 robe unmelds from your body.
Pikel hits you with a whip of flaming.
* * * LOW HITPOINT WARNING * * *
Pikel burns you.
You die...

#### ### # ###..# #.#
#### #..### #.###...
#..# #....... #..###
##.......
##....####........
#..........######.
#.K.........###...
######@p...............
#.##...................
##...........>..######.
#.###..........## ##.
#.# #...........# #..
### ##..........# #..
##.....#####.#####..
##.#........#+#......
#..##.......#_#.....#


You could see Pikel and a slave.

Vanquished Creatures
  The ghost of vineage the Chopper, an amateur NaBe of Trog (D:4)
  The ghost of minmayStuckAtMickeyD the Ogre Mage, an amateur OgTm (D:3)
  A hound (D:4)
  An orc wizard (D:4)
  2 worker ants (D:4)
  3 gnolls (D:3)
  3 adders
  5 worms
  2 dart slugs
  4 leopard geckos
  8 orcs
  2 ball pythons (D:3)
  3 bats
  5 giant cockroaches
  5 goblins
  6 hobgoblins
  2 jackals (D:4)
  2 quokkas (D:4)
  7 frilled lizards
  7 kobolds
  A quokka skeleton (D:3)
  4 rats
75 creatures vanquished.

Vanquished Creatures (collateral kills)
  A hound skeleton (D:4)
  An adder (D:3)
  A frilled lizard (D:2)
3 creatures vanquished.

Grand Total: 78 creatures vanquished

Notes
Turn   | Place    | Note
-------+----------+-------------------------------------------
     0 | D:1      | minmayStuckAtMickeyD the Ogre Transmuter began the quest for the Orb.
     0 | D:1      | Reached XP level 1. HP: 19/19 MP: 3/3
    68 | D:1      | Reached skill level 2 in Fighting
   203 | D:1      | Reached XP level 2. HP: 28/29 MP: 3/5
   207 | D:1      | Learned a level 2 spell: Sticks to Snakes
   491 | D:1      | Reached skill level 3 in Fighting
   692 | D:2      | Reached XP level 3. HP: 36/39 MP: 2/6
   700 | D:2      | Learned a level 3 spell: Spider Form
  1158 | D:2      | Reached skill level 4 in Fighting
  1696 | D:2      | Found an iron altar of Okawaru.
  2055 | D:3      | Reached XP level 4. HP: 39/48 MP: 1/8
  2517 | D:3      | Found a sacrificial altar of Ru.
  2533 | D:3      | Learned a level 4 spell: Ice Form
  2739 | D:3      | Found a snail-covered altar of Cheibriados.
  2904 | D:3      | Became a worshipper of Cheibriados the Contemplative
  2956 | D:3      | Noticed minmayStuckAtMickeyD's ghost (amateur OgTm)
  3002 | D:3      | Killed minmayStuckAtMickeyD's ghost
  3002 | D:3      | Reached skill level 5 in Fighting
  3002 | D:3      | Reached XP level 5. HP: 14/57 MP: 6/12
  3495 | D:3      | Found a sacrificial altar of Ru.
  3550 | D:4      | Noticed vineage's ghost (amateur NaBe)
  3711 | D:4      | Reached XP level 6. HP: 62/66 MP: 10/13
  4183 | D:4      | Killed vineage's ghost
  4183 | D:4      | Reached skill level 6 in Fighting
  4320 | D:4      | Reached XP level 7. HP: 33/75 MP: 8/14
  4551 | D:4      | Found a shattered altar of Ashenzari.
  5071 | D:4      | Found a staircase to the Ecumenical Temple.
  5224 | D:4      | Found a sparkling altar of Nemelex Xobeh.
  5701 | D:4      | Reached * piety under Cheibriados
  5824 | D:5      | Entered Level 5 of the Dungeon
  5824 | D:5      | Noticed Sigmund
  5828 | D:5      | Noticed Pikel
  5854 | D:4      | HP: 2/75 [Pikel/whip of flaming (5)]
  5854 | D:4      | Slain by Pikel

Skill      XL: |  1  2  3  4  5  6 |
---------------+-------------------+-----
Fighting       | 2 3 4 5 6 |  6.2
Spellcasting   | 3 4 |  4.9
Unarmed Combat | 3 4 |  4.5
Dodging        | |  1.7
Transmutations | |  1.7

Action                   |  1- 3 |  4- 6 |  7- 9 || total
-------------------------+-------+-------+-------++-------
Melee: Unarmed           |   119 |   190 |    56 ||   365
       Kick              |     5 |     3 |       ||     8
       Headbutt          |     5 |     2 |       ||     7
       Punch             |       |       |     1 ||     1
 Cast: Beastly Appendage |    17 |     6 |       ||    23
       Sticks to Snakes  |     1 |     9 |     2 ||    12
       Spider Form       |     3 |    11 |     5 ||    19
 Abil: End Transformatio |       |       |     2 ||     2
  Use: Potion            |       |     1 |       ||     1
       Scroll            |       |       |     5 ||     5
 Stab: Sleeping          |       |     1 |       ||     1
  Eat: Chunk             |     4 |     6 |     3 ||    13
       Bread ration      |       |     1 |       ||     1
       Royal jelly       |       |       |     1 ||     1
Armor: Robe              |    36 |    27 |    14 ||    77
       Skin              |     1 |     1 |     1 ||     3
Dodge: Dodged            |    58 |   107 |    45 ||   210
